 Dungeon Crawl Stone Soup version 0.29.1-15-g9cfb28693d (webtiles) character file.

Game seed: 8887557455248050690

233 unlimited1921 the Magician (level 6, -5/40 HPs)
             Began as a Djinni Fire Elementalist on Apr 10, 2023.
             Killed from afar by Blork the orc (16 damage)
             ... with a puff of frost
             ... on level 4 of the Dungeon.
             The game lasted 00:12:06 (7238 turns).

unlimited1921 the Magician (DjFE)                   Turns: 7238, Time: 00:12:06

Health: -5/40      AC:  3    Str:  7    XL:     6   Next: 26%
Gold:   192        EV: 16    Int: 19    God:
                   SH:  0    Dex: 13

rFire   + + .      SeeInvis .   g - +0 triple crossbow
rCold   x . .      Faith    .   (shield currently unavailable)
rNeg    . . .      Spirit   .   a - +0 robe
rPois   ∞          Reflect  .   (no helmet)
rElec   .          Harm     .   (no cloak)
rCorr   .          Rampage  .   k - +0 pair of gloves
Will    .....                   (boots unavailable)
Stlth   ++........              (no amulet)
HPRegen 0.13/turn               b - +4 ring of evasion
MPRegen 0.00/turn               (no ring)

@: flying
A: sickness immunity, fire resistance 2, cold vulnerability 1, float, innate
caster, HP casting, extra vitality 1
a: no special abilities


You were on level 4 of the Dungeon.
You visited 1 branch of the dungeon, and saw 4 of its levels.

You collected 192 gold pieces.

Inventory:

Hand Weapons
 g - a +0 triple crossbow (weapon)
 i - a +0 rapier
 o - a +0 spear
 t - a +3 spectral club
 v - a +1 dagger of venom
 w - a +0 shortbow
Armour
 a - a +0 robe (worn)
 k - a +0 pair of gloves (worn)
 q - a +0 leather armour
Jewellery
 b - a +4 ring of evasion (left hand)
Wands
 s - a wand of mindburst (8)
 u - a wand of polymorph (5)
Scrolls
 d - a scroll of poison
 j - a scroll of torment {unknown}
 l - 2 scrolls of magic mapping {unknown}
 m - a scroll of silence {unknown}
 n - 2 scrolls of amnesia {unknown}
 r - a scroll of teleportation
Potions
 c - a potion of haste {unknown}
 e - a potion of heal wounds {unknown}
 f - a potion of attraction
 h - a potion of curing {unknown}
 p - 2 potions of lignification {unknown}
 x - a potion of berserk rage {unknown}


   Skills:
 + Level 2.3 Dodging
 + Level 2.6 Stealth
 + Level 4.6 Spellcasting


You couldn't memorise any spells.
You knew the following spells:

 Your Spells              Type           Power      Damage    Failure   Level
a - Foxfire               Conj/Fire      88%        2x1d8     1%          1
b - Scorch                Fire           44%        2d7       3%          2
c - Conjure Flame         Conj/Fire      22%        6-21      6%          3
d - Inner Flame           Hex/Fire       22%        N/A       6%          3
e - Flame Wave            Conj/Fire      22%        2d8       19%         4
f - Apportation           Tloc           44%        N/A       1%          1
g - Searing Ray           Conj           44%        2d6       3%          2
Your spell library was empty.

Dungeon Overview and Level Annotations

Branches:
Dungeon (4/15)
 Temple: D:4-7

Altars:

Annotations:
D:4 Blork the orc


Innate Abilities, Weirdness & Mutations

You are immune to sickness and miasma.
You are immune to poison.
Your flesh is very heat resistant. (rF++)
You are vulnerable to cold. (rC-)
You float through the air rather than walking.
You learn spells naturally, not from books.
Your magical power is your life essence.
You have superior vitality. (+4 MHP)


Message History

You see here a +0 shortbow.
You see here a +0 shortbow.
w - a +0 shortbow A quokka comes into view.
Fire: g) +0 triple crossbow
Press: ? - help, Q - select action, (/) - cycle Shift-Dir - straight line, f - quokka
Aim: a quokka (asleep, 98% to hit)
You shoot a bolt. The bolt hits the quokka!
You kill the quokka!
You reach down and open the door.
Found a golden potion, 8 stones and a spear.
There is an open door here.
x - a golden potion You see here a +0 spear.
There is an open door here.
Blork the orc comes into view.
He is wielding a +0 trident.
Blork the orc shouts!
You see here a scroll labelled BUIFITAR LIRGH.
Fire: g) +0 triple crossbow
Press: ? - help, Q - select action, (/) - cycle Shift-Dir - straight line, f - Blork the orc
Aim: Blork the orc, wielding a +0 trident and wearing a +0 robe (52% to hit)
You shoot a bolt. The bolt barely misses Blork the orc.
Blork the orc gestures at you while chanting.
The puff of frost hits you!
You feel a terrible chill!
Casting: Scorch (safe; 3% risk of failure)
Confirm with . or Enter, or press ? or * to list all spells.
Aiming: Inner Flame (dangerous; 6% risk of failure)
Press: ? - help, Dir - move target, f/p - Blork the orc
Aim: Blork the orc, wielding a +0 trident and wearing a +0 robe (chance to affect: 78%) Blork the orc is filled with an inner flame.
Fire: g) +0 triple crossbow
Press: ? - help, Q - select action, (/) - cycle Shift-Dir - straight line, f/p - Blork the orc
Aim: Blork the orc, wielding a +0 trident and wearing a +0 robe (inner flame, 52% to hit)
You shoot a bolt. The bolt barely misses Blork the orc.
Blork the orc points at you and mumbles some strange words.
The puff of frost hits you!
You feel a terrible chill!
* * * LOW HITPOINT WARNING * * *
Blork the orc points at you and mumbles some strange words.
The puff of frost hits you!
You feel a terrible chill!
You die...

##....#)(# #.
#.....######.
###............
##...##.......##
###....##........#
##.......##........
#.........#.......#
#.........#.##.....
##@.........##.....
#..........###.#..
#..............#..
#.......#....#....
####.o..#.<###....
...... ##... #.....
##.. ...# #..


You could see Blork the orc (inner flame).

Vanquished Creatures
  An ice beast (D:3)
  Ijyb (D:3)
  4 adders
  2 worms
  3 dart slugs
  6 bats
  5 endoplasms
  3 giant cockroaches (D:1)
  11 goblins
  7 hobgoblins
  4 jackals (D:1)
  6 quokkas
  4 ball pythons
  3 frilled lizards
  5 kobolds
65 creatures vanquished.

Vanquished Creatures (others)
  208 foxfires
208 creatures vanquished.

Grand Total: 273 creatures vanquished

Notes
Turn   | Place    | Note
-------+----------+-------------------------------------------
     0 | D:1      | unlimited1921 the Djinni Fire Elementalist began the quest
                  | for the Orb.
     0 | D:1      | unlimited1921 set off with the following spells memorised:
                  | Foxfire, Scorch, Conjure Flame, Inner Flame, Flame Wave.
     0 | D:1      | Reached XP level 1. HP: 15/15 MP: 0/0
    26 | D:1      | Noticed a lindwurm
    26 | D:1      | Noticed an iguana
    26 | D:1      | Noticed a scorpion
    27 | D:1      | Noticed a wyvern
   941 | D:1      | Reached XP level 2. HP: 18/21 MP: 0/0
  1655 | D:1      | Reached skill level 3 in Spellcasting
  2039 | D:1      | Reached XP level 3. HP: 16/25 MP: 0/0
  2039 | D:1      | Learned a level 1 spell: Apportation
  4277 | D:2      | Reached XP level 4. HP: 29/31 MP: 0/0
  4875 | D:2      | Found a faded altar of an unknown god.
  5368 | D:3      | Noticed an ice beast
  5378 | D:3      | Killed an ice beast
  5379 | D:3      | Reached skill level 4 in Spellcasting
  5379 | D:3      | Reached XP level 5. HP: 17/35 MP: 0/0
  5379 | D:3      | Learned a level 2 spell: Searing Ray
  5945 | D:3      | Noticed Ijyb
  5955 | D:3      | Killed Ijyb
  5956 | D:3      | Reached XP level 6. HP: 18/40 MP: 0/0
  7235 | D:4      | Noticed Blork the orc
  7238 | D:4      | Killed from afar by Blork the orc

Illustrated notes

Levels and vault maps discovered:
D:1:      onia_arrival_zoo_common, layout_rooms, serial_park_tiny_1,
          minmay_crystal_water, nicolae_hexahallways, minmay_misc_feat_pillars,
          minivault_24
D:2:      layout_basic, hellmonk_ecumenical_altar_prayer_group,
          minmay_misc_feat_encased
D:3:      layout_loops_ring, nrook_mini_vaults, serial_bayou_crossing,
          uniq_robin, uniq_ijyb
D:4:      layout_cave_pools, supply_closet_lemuel, chequers_serial_rivers_marsh,
          uniq_blork_the_orc

Skill      XL: |  1  2  3  4 |
---------------+-------------+-----
Spellcasting   | 3 4 |  4.6
Stealth        | 2 |  2.6
Dodging        | |  2.3

Action                   |  1- 3 |  4- 6 || total
-------------------------+-------+-------++-------
Melee: Unarmed           |     1 |       ||     1
 Fire: Triple crossbow   |       |     7 ||     7
 Cast: Foxfire           |    75 |    64 ||   139
       Scorch            |     4 |    19 ||    23
       Inner Flame       |       |     5 ||     5
  Use: Scroll            |       |     3 ||     3
Armor: Robe              |     2 |       ||     2
Dodge: Dodged            |    10 |     8 ||    18
